| TOP OF THE 1ST |
|---|
| Wake Forest Demon Deacons batting - Pitching for Virginia Cavaliers : RHP D.J. Phipps | | Pitching: RHP D.J. Phipps | | | Batting: SHB Dustin Overstreet | 0-0: Called Strike 0-1: Ball 1-1: Foul Ball, location: 2F 1-2: Strikes out swinging | | Batting: LHB Mark Schumann | 0-0: Ground out 6-3 (Groundball, 6) | | Batting: RHB Mike Stewart | 0-0: Foul Ball, location: 2F 0-1: Ball 1-1: Called Strike 1-2: Strikes out swinging | | Top of the 1st over - 0 runs, 0 hits, 0 errors, 0 left on base; Wake Forest 0 - Virginia 0 | | BOTTOM OF THE 1ST |
|---|
| Virginia Cavaliers batting - Pitching for Wake Forest Demon Deacons : RHP Matt Trace | | Pitching: RHP Matt Trace | | | Batting: RHB Matt James | 0-0: Ball 1-0: Fly out, F3 (Popup, 3S) | | Batting: RHB Billy Rose | 0-0: Ground out 6-3 (Groundball, 56) | | Batting: RHB Kaleb Pellitteri | 0-0: Fly out, F8 (Flyball, 8RD) | | Bottom of the 1st over - 0 runs, 0 hits, 0 errors, 0 left on base; Wake Forest 0 - Virginia 0 | | TOP OF THE 2ND |
|---|
| Wake Forest Demon Deacons batting - Pitching for Virginia Cavaliers : RHP D.J. Phipps | | Batting: LHB Danny Chagoya | 0-0: Foul Ball, location: 2F 0-1: Called Strike 0-2: Foul Ball, location: 2F 0-2: Strikes out looking | | Batting: RHB Leo Reynaga | 0-0: Ball 1-0: Ball 2-0: Ground out 6-3 (Groundball, 56) | | Batting: LHB Joaquin Jimenez | 0-0: Swinging Strike 0-1: Ball 1-1: Swinging Strike 1-2: Strikes out swinging | | Top of the 2nd over - 0 runs, 0 hits, 0 errors, 0 left on base; Wake Forest 0 - Virginia 0 | | BOTTOM OF THE 2ND |
|---|
| Virginia Cavaliers batting - Pitching for Wake Forest Demon Deacons : RHP Matt Trace | | Batting: RHB Ryan Pritchard | 0-0: Ball 1-0: Ball 2-0: Ball 3-0: Base on Balls | | Batting: LHB Matt White | 0-0: Fly out, F9 (Flyball, 89M) | | Batting: RHB Tommy Barlow | 0-0: Ball 1-0: Ball 2-0: Ball 3-0: Base on Balls Ryan Pritchard to second | | Batting: SHB Gary Jarzynka | 0-0: 3-RUN HOME RUN (Flyball, 7D), Distance : 374 ft | | Batting: RHB Frank Delgado | 0-0: Called Strike 0-1: Ball 1-1: SINGLE (Line Drive, 7LS) | | Batting: RHB Jim Bowen | 0-0: Ball 1-0: SINGLE (Flyball, 9LS) Frank Delgado to second Runner from 2nd tries for 3rd, SAFE, throw made to third | | Batting: RHB Matt James | 0-0: Ball 1-0: Foul Ball, location: 2F 1-1: Ball 2-1: Called Strike Throwing error on steal attempt, E2 Frank Delgado scores Jim Bowen to third 2-2: Strikes out swinging | | Batting: RHB Billy Rose | 0-0: Ball Wild Pitch! Jim Bowen scores 1-0: Ball 2-0: Ball 3-0: Called Strike 3-1: SOLO HOME RUN (Line Drive, 7LD), Distance : 344 ft | | Batting: RHB Kaleb Pellitteri | 0-0: Foul Ball, location: 2F 0-1: Foul Ball, location: 2F 0-2: Ball 1-2: Ball 2-2: Ball 3-2: Foul Ball, location: 2F Error on foul ball, E3 3-2: SINGLE (Line Drive, 8LS) | | Batting: RHB Ryan Pritchard | 0-0: Foul Ball, location: 2F 0-1: Ball 1-1: Swinging Strike 1-2: Ball 2-2: Ball 3-2: Base on Balls Kaleb Pellitteri to second | | Batting: LHB Matt White | 0-0: Swinging Strike 0-1: Ball 1-1: SINGLE (Line Drive, 56D) Kaleb Pellitteri to third Ryan Pritchard to second | | Batting: RHB Tommy Barlow | 0-0: Foul Ball, location: 2F 0-1: Ball 1-1: Foul Ball, location: 2F 1-2: Ball 2-2: Foul Ball, location: 2F 2-2: Fly out, F6 (Popup, 6S) | | Bottom of the 2nd over - 6 runs, 6 hits, 2 errors, 3 left on base; Wake Forest 0 - Virginia 6 | | TOP OF THE 3RD |
|---|
| Wake Forest Demon Deacons batting - Pitching for Virginia Cavaliers : RHP D.J. Phipps | | Batting: RHB Caleb Doubleday | 0-0: Called Strike 0-1: Swinging Strike 0-2: Ball 1-2: Strikes out swinging | | Batting: RHB Chris Walker | 0-0: Called Strike 0-1: Foul Ball, location: 2F 0-2: Ball 1-2: Strikes out swinging | | Batting: RHB Chris Heron | 0-0: Ball 1-0: Ball 2-0: Called Strike 2-1: Hit by Pitch | | Batting: SHB Dustin Overstreet | 0-0: Swinging Strike 0-1: Foul Ball, location: 2F 0-2: Ball 1-2: Ground out U3 (Groundball, 3) | | Top of the 3rd over - 0 runs, 0 hits, 0 errors, 1 left on base; Wake Forest 0 - Virginia 6 | | BOTTOM OF THE 3RD |
|---|
| Virginia Cavaliers batting - Pitching for Wake Forest Demon Deacons : RHP Matt Trace | | Batting: SHB Gary Jarzynka | 0-0: Called Strike 0-1: Ball 1-1: Called Strike 1-2: Ball 2-2: Foul Ball, location: 2F 2-2: Ball 3-2: Foul Ball, location: 2F 3-2: Base on Balls | | Batting: RHB Frank Delgado | 0-0: Called Strike 0-1: Foul Ball, location: 2F 0-2: Fly out, F7 (Line Drive, 7) | | Batting: RHB Jim Bowen | 0-0: Ball 1-0: Ball 2-0: Fly out, F9 (Flyball, 9S) | | Batting: RHB Matt James | 0-0: Called Strike 0-1: Swinging Strike 0-2: Strikes out swinging | | Bottom of the 3rd over - 0 runs, 0 hits, 0 errors, 1 left on base; Wake Forest 0 - Virginia 6 | | TOP OF THE 4TH |
|---|
| Wake Forest Demon Deacons batting - Pitching for Virginia Cavaliers : RHP D.J. Phipps | | Batting: LHB Mark Schumann | 0-0: SINGLE (Groundball, 34D) | | Batting: RHB Mike Stewart | 0-0: Called Strike 0-1: Called Strike 0-2: Grounds into double play, 6-4-3 (Groundball, 6) | | Batting: LHB Danny Chagoya | 0-0: Ball 1-0: Swinging Strike 1-1: Foul Ball, location: 2F 1-2: Strikes out swinging | | Top of the 4th over - 0 runs, 1 hit, 0 errors, 0 left on base; Wake Forest 0 - Virginia 6 | | BOTTOM OF THE 4TH |
|---|
| Virginia Cavaliers batting - Pitching for Wake Forest Demon Deacons : RHP Matt Trace | | Batting: RHB Billy Rose | 0-0: Ball 1-0: SOLO HOME RUN (Flyball, 78XD), Distance : 421 ft | | Batting: RHB Kaleb Pellitteri | 0-0: Ball 1-0: Called Strike 1-1: Swinging Strike 1-2: Ball 2-2: Foul Ball, location: 2F 2-2: SINGLE (Flyball, 7LS) | | Batting: RHB Ryan Pritchard | 0-0: Ball 1-0: Called Strike 1-1: Called Strike 1-2: Strikes out looking | | Batting: LHB Matt White | 0-0: Ball 1-0: Called Strike 1-1: Fly out, F7 (Line Drive, 7LD) | | Batting: RHB Tommy Barlow | 0-0: Ball 1-0: Called Strike 1-1: Ground out 1-3 (Groundball, 13S) | | Bottom of the 4th over - 1 run, 2 hits, 0 errors, 1 left on base; Wake Forest 0 - Virginia 7 | | TOP OF THE 5TH |
|---|
| Wake Forest Demon Deacons batting - Pitching for Virginia Cavaliers : RHP D.J. Phipps | | Batting: RHB Leo Reynaga | 0-0: Ball 1-0: Called Strike 1-1: Fly out, F7 (Line Drive, 7) | | Batting: LHB Joaquin Jimenez | 0-0: Ball 1-0: Foul Ball, location: 2F 1-1: Swinging Strike 1-2: Strikes out looking | | Batting: RHB Caleb Doubleday | 0-0: Ball 1-0: Ground out 5-3 (Groundball, 56S) | | Top of the 5th over - 0 runs, 0 hits, 0 errors, 0 left on base; Wake Forest 0 - Virginia 7 | | BOTTOM OF THE 5TH |
|---|
| Virginia Cavaliers batting - Pitching for Wake Forest Demon Deacons : RHP Matt Trace | | Batting: SHB Gary Jarzynka | 0-0: Ball 1-0: Called Strike 1-1: Foul Ball, location: 2F 1-2: Ball 2-2: Ball 3-2: Foul Ball, location: 2F 3-2: Fly out, F6 (Popup, 6S) | | Batting: RHB Frank Delgado | 0-0: Ball 1-0: Called Strike 1-1: Ball 2-1: Swinging Strike 2-2: Ball 3-2: Ground out 5-3 (Groundball, 56) | | Batting: RHB Jim Bowen | 0-0: Ball 1-0: Called Strike 1-1: Foul Ball, location: 2F 1-2: Strikes out looking | | Bottom of the 5th over - 0 runs, 0 hits, 0 errors, 0 left on base; Wake Forest 0 - Virginia 7 | | TOP OF THE 6TH |
|---|
| Wake Forest Demon Deacons batting - Pitching for Virginia Cavaliers : RHP D.J. Phipps | | Batting: RHB Chris Walker | 0-0: Called Strike 0-1: Ground out 1-3 (Groundball, 15S) | | Batting: RHB Chris Heron | 0-0: Ball 1-0: Ball 2-0: Ball 3-0: Called Strike 3-1: Base on Balls | | Batting: SHB Dustin Overstreet | 0-0: Swinging Strike Chris Heron steals 2nd base 0-1: DOUBLE (Line Drive, 8LD) Chris Heron scores | | Batting: LHB Mark Schumann | 0-0: Foul Ball, location: 2F 0-1: Ground out 5-3 (Groundball, 56S) Dustin Overstreet to third | | Batting: RHB Mike Stewart | 0-0: Fly out, F9 (Flyball, 9S) | | Top of the 6th over - 1 run, 1 hit, 0 errors, 1 left on base; Wake Forest 1 - Virginia 7 | | BOTTOM OF THE 6TH |
|---|
| Virginia Cavaliers batting - Pitching for Wake Forest Demon Deacons : RHP Matt Trace | | Pitching: RHP Sean Walton | | | Batting: RHB Matt James | 0-0: Ball 1-0: Foul Ball, location: 2F 1-1: Ball 2-1: Ground out 6-3 (Groundball, 6M) | | Batting: RHB Billy Rose | 0-0: Ball 1-0: Ball 2-0: Ball 3-0: Base on Balls | | Batting: RHB Kaleb Pellitteri | 0-0: Ball 1-0: Foul Ball, location: 2F 1-1: 2-RUN HOME RUN (Flyball, 7LD), Distance : 345 ft | | Batting: RHB Ryan Pritchard | 0-0: Swinging Strike 0-1: Ball 1-1: Fly out, F4 (Line Drive, 4) | | Batting: LHB Matt White | 0-0: Ball 1-0: Ball 2-0: Swinging Strike 2-1: Ball 3-1: Base on Balls | | Batting: RHB Tommy Barlow | 0-0: Called Strike 0-1: Foul Ball, location: 2F 0-2: Foul Ball, location: 2F 0-2: Strikes out swinging | | Bottom of the 6th over - 2 runs, 1 hit, 0 errors, 1 left on base; Wake Forest 1 - Virginia 9 | | TOP OF THE 7TH |
|---|
| Wake Forest Demon Deacons batting - Pitching for Virginia Cavaliers : RHP D.J. Phipps | | Batting: LHB Danny Chagoya | 0-0: Ball 1-0: Called Strike 1-1: Ground out 4-3 (Groundball, 4) | | Batting: RHB Leo Reynaga | 0-0: Ball 1-0: Ball 2-0: Called Strike 2-1: Ground out 1-3 (Groundball, 15S) | | Batting: LHB Joaquin Jimenez | 0-0: Ball 1-0: Ball 2-0: Foul Ball, location: 2F 2-1: Foul Ball, location: 2F 2-2: Foul Ball, location: 2F 2-2: Strikes out looking | | Top of the 7th over - 0 runs, 0 hits, 0 errors, 0 left on base; Wake Forest 1 - Virginia 9 | | BOTTOM OF THE 7TH |
|---|
| Virginia Cavaliers batting - Pitching for Wake Forest Demon Deacons : RHP Sean Walton | | Batting: SHB Gary Jarzynka | 0-0: Ball 1-0: Ball 2-0: Ball 3-0: Called Strike 3-1: Base on Balls | | Batting: RHB Frank Delgado | 0-0: Called Strike 0-1: Ball 1-1: Swinging Strike 1-2: Strikes out swinging | | Batting: RHB Jim Bowen | 0-0: Called Strike 0-1: Ball 1-1: Fielders Choice at 2nd, 5-4 (Groundball, 56) | | Batting: RHB Matt James | 0-0: Called Strike 0-1: Called Strike 0-2: Foul Ball, location: 2F 0-2: Ball Wild Pitch! Jim Bowen to second 1-2: Ball Wild Pitch! Jim Bowen to third 2-2: Ball 3-2: Ground out 5-3 (Groundball, 5L) | | Bottom of the 7th over - 0 runs, 0 hits, 0 errors, 1 left on base; Wake Forest 1 - Virginia 9 | | TOP OF THE 8TH |
|---|
| Wake Forest Demon Deacons batting - Pitching for Virginia Cavaliers : RHP D.J. Phipps | | Batting: RHB Caleb Doubleday | 0-0: Ball 1-0: Foul Ball, location: 2F 1-1: Ball 2-1: SINGLE (Groundball, 5D) | | Batting: RHB Chris Walker | 0-0: Called Strike 0-1: Ground out 3-1 (Groundball, 34S) Caleb Doubleday to second | | Batting: RHB Chris Heron | 0-0: Ball 1-0: Called Strike 1-1: Ball 2-1: Ball 3-1: Base on Balls | | Batting: SHB Dustin Overstreet | 0-0: Called Strike 0-1: Ball 1-1: Ball 2-1: Foul Ball, location: 2F 2-2: Foul Ball, location: 2F 2-2: Foul Ball, location: 2F 2-2: Strikes out looking | | Batting: LHB Mark Schumann | 0-0: Foul Ball, location: 2F 0-1: Foul Ball, location: 2F 0-2: SINGLE (Line Drive, 9S) Caleb Doubleday to third Chris Heron to second | | Batting: RHB Mike Stewart | 0-0: Ball 1-0: Swinging Strike 1-1: Called Strike 1-2: Foul Ball, location: 2F 1-2: Foul Ball, location: 2F 1-2: Fly out, F9 (Flyball, 9S) | | Top of the 8th over - 0 runs, 2 hits, 0 errors, 3 left on base; Wake Forest 1 - Virginia 9 | | BOTTOM OF THE 8TH |
|---|
| Virginia Cavaliers batting - Pitching for Wake Forest Demon Deacons : RHP Sean Walton | | Batting: RHB Billy Rose | 0-0: Ball 1-0: Ball 2-0: Ball 3-0: Called Strike 3-1: Base on Balls | | Batting: RHB Kaleb Pellitteri | 0-0: Ball 1-0: Foul Ball, location: 2F 1-1: Foul Ball, location: 2F 1-2: Ball 2-2: Ball 3-2: Foul Ball, location: 2F 3-2: Ground out 6-3 (Groundball, 56) Billy Rose to second | | Batting: RHB Ryan Pritchard | 0-0: Called Strike 0-1: SINGLE (Line Drive, 6D) Billy Rose to third | | Batting: LHB Matt White | 0-0: Ball 1-0: Ball 2-0: Foul Ball, location: 2F 2-1: Fly out, F8 (Flyball, 8LS) Runner from 3rd tags up, SCORES, no throw | | Batting: RHB Tommy Barlow | 0-0: Ball 1-0: Swinging Strike 1-1: Fly out, F8 (Flyball, 8RD) | | Bottom of the 8th over - 1 run, 1 hit, 0 errors, 1 left on base; Wake Forest 1 - Virginia 10 | | TOP OF THE 9TH |
|---|
| Wake Forest Demon Deacons batting - Pitching for Virginia Cavaliers : RHP D.J. Phipps | | Now in CF: Craig Mayer | | | Batting: LHB Danny Chagoya | 0-0: Ground out 6-3 (Groundball, 6) | | Batting: RHB Leo Reynaga | 0-0: Foul Ball, location: 2F 0-1: Fly out, F5 (Popup, 5SF) | | Batting: LHB Joaquin Jimenez | 0-0: Called Strike 0-1: Ball 1-1: Swinging Strike 1-2: Fly out, F9 (Line Drive, 89M) | | Top of the 9th over - 0 runs, 0 hits, 0 errors, 0 left on base; Wake Forest 1 - Virginia 10 | |